Predators vs Blues

Created - Thursday, December 24, 2015 at 04:26

Goals
1 2 3 T
Predators 1 2 0 3
Blues 0 1 0 1
Shots
1 2 3 T
Predators 7 10 4 21
Blues 3 3 17 23

1st period

1. Predators , Radim Vrbata 21 (Roman Josi) at 16:23 (PP)

Penalties :
Johan Franzen (StL) for Interference (Minor) at 1:49, Kris Letang (StL) for Roughing (Minor) at 6:09, Tim Gleason (Nsh) for Hooking (Minor) at 12:33, Anders Lee (StL) for Hooking (Minor) at 15:59

2nd period

2. Predators , Tomas Plekanec 10 (Valtteri Filppula) at 1:32 (PP)
3. Predators , Tomas Hertl 5 (Valtteri Filppula) at 9:24
4. Blues , Zdeno Chara 3 (Kris Letang) at 15:03

Penalties :
Rick Nash (StL) for High sticking (Minor) at 1:07, Brandon Saad (StL) for Holding (Minor) at 3:49, Roman Josi (Nsh) for Slashing (Minor) at 6:22, Tomas Tatar (StL) for Hooking (Minor) at 11:41

3rd period

No Goal

Penalties :
Evander Kane (Nsh) for Hooking (Minor) at 19:59

Goalie Stats

Jimmy Howard (Nsh), 22 saves from 23 shots - (0.957), W, 16-13-1, 60:00 minutes
Henrik Lundqvist (StL), 18 saves from 21 shots - (0.857), L, 16-6-6, 60:00 minutes

Players Stats for Predators

Player Name              G  A  P  +/- PIM S  H  SB GA TA FO     MP     PP MP  PK MP  
------------------------------------------------------------------------------------
Andrew Cogliano          0  0  0   0  0   1  0  0  0  1  0/0    16:01   0:00   1:45 
Cal Clutterbuck          0  0  0   0  0   0  1  0  0  0  1/1    13:30   0:00   0:00 
Cody Eakin               0  0  0   0  0   2  0  1  1  0  6/12   15:43   0:00   2:13 
Dan Boyle                0  0  0   0  0   3  1  0  0  1  0/0    19:06   3:24   0:00 
Dennis Seidenberg        0  0  0  -1  0   1  3  1  0  3  0/0    18:53   3:24   1:43 
Eric Fehr                0  0  0   0  0   0  1  0  0  0  2/2    10:28   0:00   2:13 
Evander Kane             0  0  0   0  2   2  0  1  2  0  0/1    19:29   5:03   0:00 
Nick Schultz             0  0  0   1  0   1  2  0  0  0  0/0    15:41   0:00   2:15 
Nikolay Kulemin          0  0  0   0  0   0  1  0  0  0  0/0     9:22   0:00   0:00 
Patrice Bergeron         0  0  0   0  0   0  2  1  2  0  9/14   19:30   5:03   0:00 
Patrick Maroon           0  0  0   0  0   0  0  0  0  0  0/0     0:00   0:00   0:00 
Radim Vrbata             1  0  1   0  0   4  0  0  4  0  1/2    19:30   5:03   0:00 
Roman Josi               0  1  1   1  2   0  0  2  0  0  0/0    26:24   5:21   1:14 
Tim Gleason              0  0  0   0  2   0  2  1  0  1  0/0    15:27   0:00   1:01 
Tomas Hertl              1  0  1   0  0   1  0  0  0  0  0/0    12:54   3:42   0:00 
Tomas Plekanec           1  0  1   0  0   3  0  0  3  0  7/14   17:59   3:42   1:45 
Trevor Daley             0  0  0  -1  0   2  0  1  0  3  0/0    25:13   5:21   1:43 
Valtteri Filppula        0  2  2   0  0   1  1  0  8  0  5/7    20:49   3:42   0:00 

Players Stats for Blues

Player Name              G  A  P  +/- PIM S  H  SB GA TA FO     MP     PP MP  PK MP  
------------------------------------------------------------------------------------
Anders Lee               0  0  0   1  2   1  6  0  0  0  2/10   19:08   2:17   0:00 
Artem Anisimov           0  0  0  -1  0   2  1  0  2  0  8/21   20:56   0:30   4:37 
Brandon Saad             0  0  0   0  2   2  1  1  1  0  2/2    20:30   1:54   3:22 
Cam Atkinson             0  0  0  -1  0   1  1  0  0  0  0/0    17:02   2:38   0:00 
Hampus Lindholm          0  0  0   0  0   0  0  1  0  2  0/0    20:30   2:34   4:47 
Jeremy Morin             0  0  0   0  0   0  0  0  0  0  0/0     0:00   0:00   0:00 
Johan Franzen            0  0  0  -1  2   3  1  0  3  0  0/2    16:24   0:00   1:19 
Josh Gorges              0  0  0   0  0   2  1  3  0  2  0/0    21:52   0:00   4:47 
Kevan Miller             0  0  0   0  0   1  0  0  0  0  0/0     4:04   0:00   0:00 
Kris Letang              0  1  1   0  2   2  2  4  0  1  0/0    21:36   1:24   2:51 
Mark Fayne               0  0  0   0  0   0  2  0  0  0  0/0    13:49   0:37   0:00 
Mark Stone               0  0  0   1  0   3  0  0  3  1  0/0    19:11   2:04   0:00 
Rick Nash                0  0  0   0  2   2  2  1  2  2  0/0    20:33   1:54   4:04 
Ryan Ellis               0  0  0   0  0   0  2  1  1  2  0/0    14:12   0:00   1:07 
Scott Laughton           0  0  0   1  0   1  0  1  0  0  2/3     5:50   0:00   0:00 
Sean Couturier           0  0  0   0  0   0  1  0  0  1  8/15   20:38   1:54   4:08 
Tomas Tatar              0  0  0   0  2   1  1  0  6  0  0/0    14:04   2:04   0:00 
Zdeno Chara              1  0  1   0  0   2  1  3  0  2  0/0    20:50   0:00   3:58 

3 Stars

1 - Jimmy Howard (Nsh)
2 - Zdeno Chara (StL)
3 - Valtteri Filppula (Nsh)

Power Play

Predators - 2 on 6 Attempt(s) - 33.33%
Blues - 0 on 3 Attempt(s) - 0.00%

Penalty Kill

Predators - 3 on 3 Attempt(s) - 100.00% - Score 0 goal in Penalty Kill
Blues - 4 on 6 Attempt(s) - 66.67% - Score 0 goal in Penalty Kill

Team Stat

Predators - Hits : 14 - Faceoff Wins : 31 - Blocked Shots : 8 - Penalty Minutes : 6
Blues - Hits : 22 - Faceoff Wins : 22 - Blocked Shots : 15 - Penalty Minutes : 12

Official

Referees : Unknown
Linesman : Unknown

Game Notes

No Game Note

Finance

Level 1 -- Attendance: 5776 (96.27%) -- Ticket Income $479,408
Level 2 -- Attendance: 5000 (100.00%) -- Ticket Income $240,000
Level 3 -- Attendance: 1787 (89.35%) -- Ticket Income $46,462
Level 4 -- Attendance: 4000 (100.00%) -- Ticket Income $56,000
Luxury Box -- Attendance: 952 (95.20%) -- Ticket Income $161,840
Game was played at the Savis Center.
Total Attendance: 17515 (97.31%)
Total Ticket Income: $983,710
Other Income: $482,018
Total Income: $1,465,728

Predators

5 vs 5 Forward 
   Center                   Left Wing                Right Wing               Time % Phy DF OF 
 1 Patrice Bergeron         Evander Kane             Radim Vrbata             28     0   1  4  
 2 Cody Eakin               Andrew Cogliano          Cal Clutterbuck          25     1   3  1  
 3 Tomas Plekanec           Nikolay Kulemin          Valtteri Filppula        25     0   1  4  
 4 Valtteri Filppula        Tomas Hertl              Eric Fehr                22     0   2  3  

5 vs 5 Defense 
   Defense                  Defense                                           Time % Phy DF OF 
 1 Roman Josi               Nick Schultz                                      28     0   3  2  
 2 Dennis Seidenberg        Trevor Daley                                      28     0   3  2  
 3 Tim Gleason              Dan Boyle                                         24     0   4  1  
 4 Roman Josi               Trevor Daley                                      20     0   3  2  

PowerPlay Forward 
   Center                   Left Wing                Right Wing               Time % Phy DF OF 
 1 Patrice Bergeron         Evander Kane             Radim Vrbata             55     0   0  5  
 2 Tomas Plekanec           Valtteri Filppula        Tomas Hertl              45     0   1  4  

PowerPlay Defense
   Defense                  Defense                                           Time % Phy DF OF 
 1 Roman Josi               Trevor Daley                                      67     0   1  4  
 2 Dennis Seidenberg        Dan Boyle                                         33     0   2  3  

Penalty Kill 4 Players Forward 
   Center                   Wing                     Time % Phy DF OF 
 1 Tomas Plekanec           Andrew Cogliano          50     0   4  1  
 2 Cody Eakin               Eric Fehr                50     0   4  1  

Penalty Kill 4 Players Defense
   Defense                  Defense                  Time % Phy DF OF 
 1 Roman Josi               Nick Schultz             50     0   4  1  
 2 Dennis Seidenberg        Trevor Daley             50     0   4  1  

Penalty Kill - 3 Players Forward 
   Forward                                           Time % Phy DF OF 
 1 Cody Eakin                                        50     0   4  1  
 2 Andrew Cogliano                                   50     0   4  1  

Penalty Kill - 3 Players Defense
   Defense                  Defense                  Time % Phy DF OF 
 1 Roman Josi               Nick Schultz             50     0   5  0  
 2 Dennis Seidenberg        Trevor Daley             50     0   5  0  

4 vs 4 Forward 
   Center                   Wing                     Time % Phy DF OF 
 1 Tomas Plekanec           Valtteri Filppula        50     0   1  4  
 2 Patrice Bergeron         Radim Vrbata             50     0   2  3  

4 vs 4 Defense
   Defense                  Defense                  Time % Phy DF OF 
 1 Roman Josi               Nick Schultz             55     0   3  2  
 2 Dennis Seidenberg        Trevor Daley             45     0   3  2  

Last Minutes Offensive
   Center                   Left Wing                Right Wing               Defense                  Defense                  
   Patrice Bergeron         Valtteri Filppula        Radim Vrbata             Roman Josi               Trevor Daley             

Last Minutes Defensive
   Center                   Left Wing                Right Wing               Defense                  Defense                  
   Tomas Plekanec           Cody Eakin               Andrew Cogliano          Roman Josi               Dennis Seidenberg        

Goaltenders
Starting : Jimmy Howard             
Backup : Kari Lehtonen            

Extra Forwards
Normal : Patrice Bergeron, Valtteri Filppula, Tomas Plekanec - PP : Cody Eakin, Eric Fehr - PK : Evander Kane
Extra Defensemen
Normal : Roman Josi, Trevor Daley, Dennis Seidenberg - PP : Trevor Daley - PK : Tim Gleason, Dennis Seidenberg
Penalty Shots
Patrice Bergeron, Radim Vrbata, Eric Fehr, Roman Josi, Valtteri Filppula

Blues

5 vs 5 Forward 
   Center                   Left Wing                Right Wing               Time % Phy DF OF 
 1 Sean Couturier           Rick Nash                Brandon Saad             32     1   1  3  
 2 Anders Lee               Tomas Tatar              Mark Stone               32     1   1  3  
 3 Artem Anisimov           Johan Franzen            Cam Atkinson             22     1   1  3  
 4 Scott Laughton           Anders Lee               Mark Stone               14     0   3  2  

5 vs 5 Defense 
   Defense                  Defense                                           Time % Phy DF OF 
 1 Zdeno Chara              Kris Letang                                       33     1   2  2  
 2 Josh Gorges              Hampus Lindholm                                   31     1   2  2  
 3 Mark Fayne               Ryan Ellis                                        24     1   2  2  
 4 Kevan Miller             Josh Gorges                                       12     1   2  2  

PowerPlay Forward 
   Center                   Left Wing                Right Wing               Time % Phy DF OF 
 1 Sean Couturier           Rick Nash                Brandon Saad             50     0   2  3  
 2 Anders Lee               Tomas Tatar              Mark Stone               50     0   2  3  

PowerPlay Defense
   Defense                  Defense                                           Time % Phy DF OF 
 1 Anders Lee               Kris Letang                                       50     0   2  3  
 2 Cam Atkinson             Hampus Lindholm                                   50     0   2  3  

Penalty Kill 4 Players Forward 
   Center                   Wing                     Time % Phy DF OF 
 1 Sean Couturier           Rick Nash                50     2   3  0  
 2 Artem Anisimov           Brandon Saad             50     2   3  0  

Penalty Kill 4 Players Defense
   Defense                  Defense                  Time % Phy DF OF 
 1 Zdeno Chara              Kris Letang              50     2   3  0  
 2 Josh Gorges              Hampus Lindholm          50     2   3  0  

Penalty Kill - 3 Players Forward 
   Forward                                           Time % Phy DF OF 
 1 Mark Stone                                        50     2   3  0  
 2 Sean Couturier                                    50     2   3  0  

Penalty Kill - 3 Players Defense
   Defense                  Defense                  Time % Phy DF OF 
 1 Zdeno Chara              Kris Letang              50     2   3  0  
 2 Josh Gorges              Hampus Lindholm          50     2   3  0  

4 vs 4 Forward 
   Center                   Wing                     Time % Phy DF OF 
 1 Artem Anisimov           Mark Stone               50     1   2  2  
 2 Anders Lee               Brandon Saad             50     1   2  2  

4 vs 4 Defense
   Defense                  Defense                  Time % Phy DF OF 
 1 Mark Fayne               Kris Letang              50     1   2  2  
 2 Josh Gorges              Hampus Lindholm          50     1   2  2  

Last Minutes Offensive
   Center                   Left Wing                Right Wing               Defense                  Defense                  
   Sean Couturier           Rick Nash                Brandon Saad             Zdeno Chara              Kris Letang              

Last Minutes Defensive
   Center                   Left Wing                Right Wing               Defense                  Defense                  
   Sean Couturier           Rick Nash                Brandon Saad             Zdeno Chara              Kris Letang              

Goaltenders
Starting : Henrik Lundqvist         
Backup : Frederik Andersen        

Extra Forwards
Normal : Jeremy Morin, Scott Laughton, Johan Franzen - PP : Tomas Tatar, Cam Atkinson - PK : Johan Franzen
Extra Defensemen
Normal : Mark Fayne, Ryan Ellis, Kevan Miller - PP : Mark Fayne - PK : Ryan Ellis, Kevan Miller
Penalty Shots
Rick Nash, Cam Atkinson, Jeremy Morin, Tomas Tatar, Kris Letang

% Time on Ice - Predators

Lines # - Real PCT - Wanted PCT - Time Play
Normal Forward
1 - 32% - 28% - 15:13
2 - 31% - 25% - 14:27
3 - 20% - 25% - 9:22
4 - 17% - 22% - 8:15
Normal Defense
1 - 28% - 28% - 13:26
2 - 29% - 28% - 13:46
3 - 30% - 24% - 14:03
4 - 13% - 20% - 6:02
PP Forward
1 - 58% - 55% - 5:03
2 - 42% - 45% - 3:42
PP Defense
1 - 61% - 67% - 5:21
2 - 39% - 33% - 3:24
PK Forward
1 - 44% - 50% - 1:45
2 - 56% - 50% - 2:13
PK Defense
1 - 57% - 50% - 2:15
2 - 43% - 50% - 1:43
PK3 Forward
1 - 0% - 50%
2 - 0% - 50%
PK3 Defense
1 - 0% - 50%
2 - 0% - 50%
44 Forward
1 - 0% - 50%
2 - 0% - 50%
44 Defense
1 - 0% - 55%
2 - 0% - 45%
Last Minute Offensive  - 0:00
Last Minute Defensive  - 0:00
Total
Forward - 60:00
Defense - 60:00

% Time on Ice - Blues

Lines # - Real PCT - Wanted PCT - Time Play
Normal Forward
1 - 31% - 32% - 14:36
2 - 27% - 32% - 12:35
3 - 30% - 22% - 14:16
4 - 12% - 14% - 5:50
Normal Defense
1 - 36% - 33% - 16:59
2 - 28% - 31% - 13:09
3 - 28% - 24% - 13:05
4 - 9% - 12% - 4:04
PP Forward
1 - 48% - 50% - 1:54
2 - 52% - 50% - 2:04
PP Defense
1 - 35% - 50% - 1:24
2 - 65% - 50% - 2:34
PK Forward
1 - 47% - 50% - 4:08
2 - 53% - 50% - 4:37
PK Defense
1 - 45% - 50% - 3:58
2 - 55% - 50% - 4:47
PK3 Forward
1 - 0% - 50%
2 - 0% - 50%
PK3 Defense
1 - 0% - 50%
2 - 0% - 50%
44 Forward
1 - 0% - 50%
2 - 0% - 50%
44 Defense
1 - 0% - 50%
2 - 0% - 50%
Last Minute Offensive  - 0:00
Last Minute Defensive  - 0:00
Total
Forward - 60:00
Defense - 60:00

Play by Play

1st period


0:01 of 1st period - Patrice Bergeron wins face-off versus Sean Couturier in neutral zone.
0:06 of 1st period - Snap shot by Radim Vrbata.
0:06 of 1st period - Shot Blocked by Rick Nash.
0:25 of 1st period - Zdeno Chara is hit by Nick Schultz and loses puck.
0:52 of 1st period - Cody Eakin is hit by Anders Lee and loses puck.
1:01 of 1st period - Snap shot by Tomas Tatar.
1:01 of 1st period - Deflect By Roman Josi.
1:01 of 1st period - Stopped by Jimmy Howard without a rebound.
1:02 of 1st period - Cody Eakin wins face-off versus Anders Lee in Predators zone.
1:12 of 1st period - Off-side.
1:13 of 1st period - Artem Anisimov wins face-off versus Tomas Plekanec in neutral zone.
1:16 of 1st period - Slapshot by Johan Franzen.
1:16 of 1st period - Shot Misses the Net.
1:49 of 1st period - Minor Penalty to Johan Franzen for Interference.
1:50 of 1st period - Patrice Bergeron wins face-off versus Sean Couturier in Blues zone.
1:58 of 1st period - Wrist shot by Patrice Bergeron.
1:58 of 1st period - Shot Blocked by Zdeno Chara.
2:00 of 1st period - Backhand shot by Roman Josi.
2:00 of 1st period - Shot Misses the Net.
2:02 of 1st period - Snap shot by Evander Kane.
2:02 of 1st period - Stopped by Henrik Lundqvist with a rebound.
2:04 of 1st period - Slapshot by Trevor Daley.
2:04 of 1st period - Shot Misses the Net.
3:49 of 1st period - Penalty to Johan Franzen is over, Johan Franzen is back on ice.
4:11 of 1st period - Mark Stone is hit by Dennis Seidenberg and loses puck.
4:20 of 1st period - Slapshot by Dan Boyle.
4:20 of 1st period - Stopped by Henrik Lundqvist with a rebound.
4:22 of 1st period - Wrist shot by Andrew Cogliano.
4:22 of 1st period - Stopped by Henrik Lundqvist without a rebound.
4:23 of 1st period - Cody Eakin wins face-off versus Anders Lee in Blues zone.
5:54 of 1st period - Slapshot by Tomas Plekanec.
5:54 of 1st period - Shot Misses the Net.
6:09 of 1st period - Minor Penalty to Kris Letang for Roughing.
6:10 of 1st period - Patrice Bergeron wins face-off versus Artem Anisimov in Blues zone.
6:54 of 1st period - Off-side.
6:55 of 1st period - Tomas Plekanec wins face-off versus Artem Anisimov in neutral zone.
7:33 of 1st period - Wrist shot by Rick Nash.
7:33 of 1st period - Shot Blocked by Evander Kane.
7:59 of 1st period - Snap shot by Valtteri Filppula.
7:59 of 1st period - Shot Misses the Net.
8:01 of 1st period - Slapshot by Dennis Seidenberg.
8:01 of 1st period - Stopped by Henrik Lundqvist without a rebound.
8:02 of 1st period - Artem Anisimov wins face-off versus Tomas Plekanec in Blues zone.
8:09 of 1st period - Penalty to Kris Letang is over, Kris Letang is back on ice.
9:25 of 1st period - Cody Eakin is hit by Johan Franzen and loses puck.
9:58 of 1st period - Nick Schultz is hit by Sean Couturier and loses puck.
10:23 of 1st period - Slapshot by Mark Stone.
10:23 of 1st period - Stopped by Jimmy Howard with a rebound.
10:47 of 1st period - Slapshot by Evander Kane.
10:47 of 1st period - Shot Blocked by Scott Laughton.
10:49 of 1st period - Slapshot by Trevor Daley.
10:49 of 1st period - Stopped by Henrik Lundqvist without a rebound.
10:50 of 1st period - Patrice Bergeron wins face-off versus Johan Franzen in Blues zone.
12:14 of 1st period - Tim Gleason is hit by Anders Lee and loses puck.
12:33 of 1st period - Minor Penalty to Tim Gleason for Hooking.
12:34 of 1st period - Sean Couturier wins face-off versus Cody Eakin in Predators zone.
13:03 of 1st period - Eric Fehr is hit by Cam Atkinson and loses puck.
14:16 of 1st period - Backhand shot by Rick Nash.
14:16 of 1st period - Shot Misses the Net.
14:18 of 1st period - Snap shot by Rick Nash.
14:18 of 1st period - Shot Misses the Net.
14:20 of 1st period - Snap shot by Mark Fayne.
14:20 of 1st period - Shot Blocked by Trevor Daley.
14:33 of 1st period - Penalty to Tim Gleason is over, Tim Gleason is back on ice.
14:56 of 1st period - Wrist shot by Artem Anisimov.
14:56 of 1st period - Stopped by Jimmy Howard without a rebound.
14:57 of 1st period - Patrice Bergeron wins face-off versus Artem Anisimov in Predators zone.
15:28 of 1st period - Wrist shot by Patrice Bergeron.
15:28 of 1st period - Deflect By Josh Gorges.
15:28 of 1st period - Shot Misses the Net.
15:28 of 1st period - Puck is out of play.
15:29 of 1st period - Valtteri Filppula wins face-off versus Artem Anisimov in Blues zone.
15:59 of 1st period - Minor Penalty to Anders Lee for Hooking.
16:00 of 1st period - Artem Anisimov wins face-off versus Patrice Bergeron in Blues zone.
16:23 of 1st period - Snap shot by Radim Vrbata.
16:23 of 1st period - Goal by Radim Vrbata - Predators : 1 - Blues : 0.
16:24 of 1st period - Brandon Saad wins face-off versus Tomas Plekanec in neutral zone.
16:33 of 1st period - Snap shot by Brandon Saad.
16:33 of 1st period - Shot Misses the Net.
16:47 of 1st period - Wrist shot by Tomas Plekanec.
16:47 of 1st period - Stopped by Henrik Lundqvist without a rebound.
16:48 of 1st period - Patrice Bergeron wins face-off versus Anders Lee in Blues zone.
17:40 of 1st period - Zdeno Chara is hit by Valtteri Filppula and loses puck.
18:03 of 1st period - Snap shot by Valtteri Filppula.
18:03 of 1st period - Shot Misses the Net.
18:05 of 1st period - Slapshot by Tim Gleason.
18:05 of 1st period - Shot Blocked by Zdeno Chara.
19:15 of 1st period - Snap shot by Valtteri Filppula.
19:15 of 1st period - Shot Misses the Net.
Goals for this period are 1 for Predators vs 0 for Blues.
Shots for this period are 7 for Predators vs 3 for Blues.

2nd period


0:01 of 2nd period - Tomas Plekanec wins face-off versus Anders Lee in neutral zone.
0:57 of 2nd period - Ryan Ellis is hit by Patrice Bergeron and loses puck.
1:07 of 2nd period - Minor Penalty to Rick Nash for High sticking.
1:08 of 2nd period - Patrice Bergeron wins face-off versus Artem Anisimov in Blues zone.
1:12 of 2nd period - Snap shot by Radim Vrbata.
1:12 of 2nd period - Shot Misses the Net.
1:14 of 2nd period - Slapshot by Dan Boyle.
1:14 of 2nd period - Shot Blocked by Brandon Saad.
1:16 of 2nd period - Slapshot by Dennis Seidenberg.
1:16 of 2nd period - Shot Blocked by Kris Letang.
1:24 of 2nd period - Snap shot by Patrice Bergeron.
1:24 of 2nd period - Shot Blocked by Kris Letang.
1:26 of 2nd period - Slapshot by Evander Kane.
1:26 of 2nd period - Stopped by Henrik Lundqvist with a rebound.
1:28 of 2nd period - Snap shot by Radim Vrbata.
1:28 of 2nd period - Stopped by Henrik Lundqvist without a rebound.
1:29 of 2nd period - Tomas Plekanec wins face-off versus Johan Franzen in Blues zone.
1:32 of 2nd period - Wrist shot by Tomas Plekanec.
1:32 of 2nd period - Goal by Tomas Plekanec - Predators : 2 - Blues : 0.
1:33 of 2nd period - Sean Couturier wins face-off versus Tomas Plekanec in neutral zone.
1:36 of 2nd period - Valtteri Filppula is hit by Brandon Saad and loses puck.
2:00 of 2nd period - Valtteri Filppula is hit by Ryan Ellis and loses puck.
3:17 of 2nd period - Josh Gorges is hit by Dennis Seidenberg and loses puck.
3:49 of 2nd period - Minor Penalty to Brandon Saad for Holding.
3:50 of 2nd period - Sean Couturier wins face-off versus Valtteri Filppula in Blues zone.
3:54 of 2nd period - Roman Josi is hit by Zdeno Chara and loses puck.
4:28 of 2nd period - Off-side.
4:29 of 2nd period - Artem Anisimov wins face-off versus Radim Vrbata in neutral zone.
4:47 of 2nd period - Slapshot by Dennis Seidenberg.
4:47 of 2nd period - Shot Misses the Net.
4:49 of 2nd period - Slapshot by Dan Boyle.
4:49 of 2nd period - Stopped by Henrik Lundqvist without a rebound.
4:50 of 2nd period - Sean Couturier wins face-off versus Patrice Bergeron in Blues zone.
5:33 of 2nd period - Wrist shot by Tomas Hertl.
5:33 of 2nd period - Shot Blocked by Kris Letang.
5:49 of 2nd period - Penalty to Brandon Saad is over, Brandon Saad is back on ice.
6:05 of 2nd period - Slapshot by Dan Boyle.
6:05 of 2nd period - Stopped by Henrik Lundqvist with a rebound.
6:07 of 2nd period - Snap shot by Cal Clutterbuck.
6:07 of 2nd period - Shot Misses the Net.
6:09 of 2nd period - Slapshot by Dennis Seidenberg.
6:09 of 2nd period - Shot Blocked by Zdeno Chara.
6:11 of 2nd period - Snap shot by Cody Eakin.
6:11 of 2nd period - Shot Misses the Net.
6:13 of 2nd period - Slapshot by Cody Eakin.
6:13 of 2nd period - Stopped by Henrik Lundqvist with a rebound.
6:22 of 2nd period - Minor Penalty to Roman Josi for Slashing.
6:23 of 2nd period - Tomas Plekanec wins face-off versus Anders Lee in Predators zone.
6:37 of 2nd period - Icing by Cam Atkinson.
6:38 of 2nd period - Anders Lee wins face-off versus Tomas Plekanec in Blues zone.
7:40 of 2nd period - Trevor Daley is hit by Rick Nash and loses puck.
8:07 of 2nd period - Andrew Cogliano is hit by Artem Anisimov and loses puck.
8:22 of 2nd period - Penalty to Roman Josi is over, Roman Josi is back on ice.
9:18 of 2nd period - Wrist shot by Patrice Bergeron.
9:18 of 2nd period - Shot Misses the Net.
9:20 of 2nd period - Wrist shot by Patrice Bergeron.
9:20 of 2nd period - Deflect By Mark Stone.
9:20 of 2nd period - Shot Misses the Net.
9:20 of 2nd period - Puck is out of play.
9:21 of 2nd period - Valtteri Filppula wins face-off versus Artem Anisimov in Blues zone.
9:24 of 2nd period - Snap shot by Tomas Hertl.
9:24 of 2nd period - Goal by Tomas Hertl - Predators : 3 - Blues : 0.
9:25 of 2nd period - Valtteri Filppula wins face-off versus Sean Couturier in neutral zone.
9:30 of 2nd period - Slapshot by Roman Josi.
9:30 of 2nd period - Shot Blocked by Kris Letang.
9:52 of 2nd period - Off-side.
9:53 of 2nd period - Artem Anisimov wins face-off versus Patrice Bergeron in neutral zone.
10:08 of 2nd period - Wrist shot by Radim Vrbata.
10:08 of 2nd period - Shot Blocked by Josh Gorges.
10:10 of 2nd period - Backhand shot by Trevor Daley.
10:10 of 2nd period - Stopped by Henrik Lundqvist without a rebound.
10:11 of 2nd period - Patrice Bergeron wins face-off versus Artem Anisimov in Blues zone.
10:22 of 2nd period - Wrist shot by Radim Vrbata.
10:22 of 2nd period - Stopped by Henrik Lundqvist with a rebound.
10:28 of 2nd period - Snap shot by Patrice Bergeron.
10:28 of 2nd period - Shot Blocked by Josh Gorges.
10:30 of 2nd period - Snap shot by Patrice Bergeron.
10:30 of 2nd period - Deflect By Radim Vrbata.
10:30 of 2nd period - Shot Misses the Net.
10:30 of 2nd period - Puck is out of play.
10:31 of 2nd period - Tomas Plekanec wins face-off versus Sean Couturier in Blues zone.
11:41 of 2nd period - Minor Penalty to Tomas Tatar for Hooking.
11:42 of 2nd period - Sean Couturier wins face-off versus Patrice Bergeron in Blues zone.
12:53 of 2nd period - Snap shot by Tomas Hertl.
12:53 of 2nd period - Shot Misses the Net.
13:36 of 2nd period - Valtteri Filppula is hit by Josh Gorges and loses puck.
13:41 of 2nd period - Penalty to Tomas Tatar is over, Tomas Tatar is back on ice.
14:19 of 2nd period - Slapshot by Andrew Cogliano.
14:19 of 2nd period - Shot Misses the Net.
14:33 of 2nd period - Wrist shot by Mark Stone.
14:33 of 2nd period - Stopped by Jimmy Howard with a rebound.
14:35 of 2nd period - Slapshot by Kris Letang.
14:35 of 2nd period - Shot Misses the Net.
14:37 of 2nd period - Slapshot by Zdeno Chara.
14:37 of 2nd period - Deflect By Mark Stone.
14:37 of 2nd period - Shot Blocked by Roman Josi.
14:37 of 2nd period - Puck is out of play.
14:38 of 2nd period - Valtteri Filppula wins face-off versus Scott Laughton in Predators zone.
14:55 of 2nd period - Snap shot by Valtteri Filppula.
14:55 of 2nd period - Stopped by Henrik Lundqvist with a rebound.
15:03 of 2nd period - Slapshot by Zdeno Chara.
15:03 of 2nd period - Goal by Zdeno Chara - Predators : 3 - Blues : 1.
15:04 of 2nd period - Anders Lee wins face-off versus Patrice Bergeron in neutral zone.
15:31 of 2nd period - Wrist shot by Patrice Bergeron.
15:31 of 2nd period - Deflect By Radim Vrbata.
15:31 of 2nd period - Shot Misses the Net.
15:31 of 2nd period - Puck is out of play.
15:32 of 2nd period - Cody Eakin wins face-off versus Artem Anisimov in Blues zone.
15:33 of 2nd period - Snap shot by Dan Boyle.
15:33 of 2nd period - Shot Misses the Net.
15:39 of 2nd period - Tim Gleason is hit by Kris Letang and loses puck.
16:24 of 2nd period - Dan Boyle is hit by Rick Nash and loses puck.
16:41 of 2nd period - Ryan Ellis is hit by Tim Gleason and loses puck.
16:48 of 2nd period - Dan Boyle is hit by Mark Fayne and loses puck.
17:30 of 2nd period - Evander Kane is hit by Ryan Ellis.
18:29 of 2nd period - Mark Fayne is hit by Cal Clutterbuck and loses puck.
19:06 of 2nd period - Hampus Lindholm is hit by Dennis Seidenberg and loses puck.
19:34 of 2nd period - Wrist shot by Mark Stone.
19:34 of 2nd period - Shot Hit the Post.
19:38 of 2nd period - Snap shot by Tomas Tatar.
19:38 of 2nd period - Shot Misses the Net.
19:48 of 2nd period - Snap shot by Rick Nash.
19:48 of 2nd period - Stopped by Jimmy Howard with a rebound.
Goals for this period are 2 for Predators vs 1 for Blues.
Shots for this period are 10 for Predators vs 3 for Blues.

3rd period


0:01 of 3rd period - Sean Couturier wins face-off versus Valtteri Filppula in neutral zone.
0:29 of 3rd period - Snap shot by Brandon Saad.
0:29 of 3rd period - Shot Misses the Net.
0:31 of 3rd period - Snap shot by Josh Gorges.
0:31 of 3rd period - Stopped by Jimmy Howard without a rebound.
0:32 of 3rd period - Radim Vrbata wins face-off versus Anders Lee in Predators zone.
0:39 of 3rd period - Tomas Tatar is hit by Tim Gleason and loses puck.
1:22 of 3rd period - Slapshot by Zdeno Chara.
1:22 of 3rd period - Deflect By Johan Franzen.
1:22 of 3rd period - Shot Misses the Net.
1:22 of 3rd period - Puck is out of play.
1:23 of 3rd period - Cody Eakin wins face-off versus Artem Anisimov in Predators zone.
1:34 of 3rd period - Wrist shot by Cody Eakin.
1:34 of 3rd period - Stopped by Henrik Lundqvist with a rebound.
1:46 of 3rd period - Snap shot by Andrew Cogliano.
1:46 of 3rd period - Deflect By Cody Eakin.
1:46 of 3rd period - Shot Misses the Net.
1:46 of 3rd period - Puck is out of play.
1:47 of 3rd period - Brandon Saad wins face-off versus Tomas Plekanec in Blues zone.
1:47 of 3rd period - Brandon Saad is hit by Nick Schultz.
1:55 of 3rd period - Wrist shot by Rick Nash.
1:55 of 3rd period - Stopped by Jimmy Howard with a rebound.
2:11 of 3rd period - Backhand shot by Tomas Plekanec.
2:11 of 3rd period - Shot Blocked by Ryan Ellis.
2:48 of 3rd period - Roman Josi is hit by Anders Lee and loses puck.
2:53 of 3rd period - Snap shot by Tomas Tatar.
2:53 of 3rd period - Deflect By Mark Stone.
2:53 of 3rd period - Shot Blocked by Patrice Bergeron.
2:53 of 3rd period - Puck is out of play.
2:54 of 3rd period - Cody Eakin wins face-off versus Artem Anisimov in Predators zone.
3:25 of 3rd period - Snap shot by Johan Franzen.
3:25 of 3rd period - Shot Misses the Net.
3:44 of 3rd period - Slapshot by Valtteri Filppula.
3:44 of 3rd period - Shot Blocked by Josh Gorges.
4:04 of 3rd period - Tim Gleason is hit by Anders Lee.
4:13 of 3rd period - Dan Boyle is hit by Tomas Tatar and loses puck.
5:33 of 3rd period - Wrist shot by Cody Eakin.
5:33 of 3rd period - Shot Misses the Net.
5:35 of 3rd period - Snap shot by Nick Schultz.
5:35 of 3rd period - Deflect By Ryan Ellis.
5:35 of 3rd period - Stopped by Henrik Lundqvist without a rebound.
5:36 of 3rd period - Scott Laughton wins face-off versus Cody Eakin in Blues zone.
5:43 of 3rd period - Slapshot by Scott Laughton.
5:43 of 3rd period - Stopped by Jimmy Howard without a rebound.
5:44 of 3rd period - Cal Clutterbuck wins face-off versus Anders Lee in Predators zone.
6:30 of 3rd period - Dennis Seidenberg is hit by Mark Fayne.
6:44 of 3rd period - Wrist shot by Tomas Plekanec.
6:44 of 3rd period - Stopped by Henrik Lundqvist without a rebound.
6:45 of 3rd period - Valtteri Filppula wins face-off versus Artem Anisimov in Blues zone.
7:05 of 3rd period - Off-side.
7:06 of 3rd period - Patrice Bergeron wins face-off versus Sean Couturier in neutral zone.
7:43 of 3rd period - Snap shot by Brandon Saad.
7:43 of 3rd period - Shot Misses the Net.
7:53 of 3rd period - Slapshot by Kris Letang.
7:53 of 3rd period - Shot Misses the Net.
7:55 of 3rd period - Slapshot by Kris Letang.
7:55 of 3rd period - Stopped by Jimmy Howard with a rebound.
7:57 of 3rd period - Backhand shot by Anders Lee.
7:57 of 3rd period - Stopped by Jimmy Howard with a rebound.
7:59 of 3rd period - Slapshot by Josh Gorges.
7:59 of 3rd period - Shot Blocked by Roman Josi.
8:01 of 3rd period - Slapshot by Josh Gorges.
8:01 of 3rd period - Stopped by Jimmy Howard without a rebound.
8:02 of 3rd period - Cody Eakin wins face-off versus Anders Lee in Predators zone.
8:14 of 3rd period - Josh Gorges is hit by Dan Boyle and loses puck.
8:52 of 3rd period - Icing by Josh Gorges.
8:53 of 3rd period - Tomas Plekanec wins face-off versus Artem Anisimov in Blues zone.
9:08 of 3rd period - Wrist shot by Tomas Plekanec.
9:08 of 3rd period - Deflect By Valtteri Filppula.
9:08 of 3rd period - Shot Blocked by Hampus Lindholm.
9:08 of 3rd period - Puck is out of play.
9:09 of 3rd period - Eric Fehr wins face-off versus Sean Couturier in Blues zone.
9:18 of 3rd period - Snap shot by Valtteri Filppula.
9:18 of 3rd period - Shot Misses the Net.
9:20 of 3rd period - Slapshot by Dennis Seidenberg.
9:20 of 3rd period - Shot Misses the Net.
9:59 of 3rd period - Snap shot by Mark Stone.
9:59 of 3rd period - Stopped by Jimmy Howard with a rebound.
10:05 of 3rd period - Ryan Ellis is hit by Patrice Bergeron and loses puck.
10:22 of 3rd period - Snap shot by Radim Vrbata.
10:22 of 3rd period - Stopped by Henrik Lundqvist without a rebound.
10:23 of 3rd period - Artem Anisimov wins face-off versus Cody Eakin in Blues zone.
10:40 of 3rd period - Snap shot by Cam Atkinson.
10:40 of 3rd period - Stopped by Jimmy Howard without a rebound.
10:41 of 3rd period - Artem Anisimov wins face-off versus Cody Eakin in Predators zone.
10:44 of 3rd period - Snap shot by Cam Atkinson.
10:44 of 3rd period - Shot Misses the Net.
11:02 of 3rd period - Off-side.
11:03 of 3rd period - Tomas Plekanec wins face-off versus Sean Couturier in neutral zone.
11:28 of 3rd period - Valtteri Filppula is hit by Kris Letang and loses puck.
11:33 of 3rd period - Snap shot by Rick Nash.
11:33 of 3rd period - Shot Misses the Net.
11:35 of 3rd period - Snap shot by Brandon Saad.
11:35 of 3rd period - Stopped by Jimmy Howard with a rebound.
11:37 of 3rd period - Slapshot by Kris Letang.
11:37 of 3rd period - Stopped by Jimmy Howard with a rebound.
11:39 of 3rd period - Snap shot by Sean Couturier.
11:39 of 3rd period - Shot Misses the Net.
12:02 of 3rd period - Mark Stone is hit by Nikolay Kulemin and loses puck.
12:28 of 3rd period - Off-side.
12:29 of 3rd period - Artem Anisimov wins face-off versus Cody Eakin in neutral zone.
12:58 of 3rd period - Snap shot by Andrew Cogliano.
12:58 of 3rd period - Shot Misses the Net.
13:24 of 3rd period - Backhand shot by Rick Nash.
13:24 of 3rd period - Shot Misses the Net.
13:26 of 3rd period - Snap shot by Kris Letang.
13:26 of 3rd period - Shot Blocked by Tim Gleason.
13:28 of 3rd period - Slapshot by Zdeno Chara.
13:28 of 3rd period - Deflect By Brandon Saad.
13:28 of 3rd period - Stopped by Jimmy Howard with a rebound.
13:49 of 3rd period - Wrist shot by Sean Couturier.
13:49 of 3rd period - Shot Misses the Net.
14:13 of 3rd period - Scott Laughton is hit by Eric Fehr and loses puck.
15:32 of 3rd period - Evander Kane is hit by Anders Lee and loses puck.
16:23 of 3rd period - Slapshot by Ryan Ellis.
16:23 of 3rd period - Shot Blocked by Cody Eakin.
16:39 of 3rd period - Snap shot by Scott Laughton.
16:39 of 3rd period - Shot Misses the Net.
16:41 of 3rd period - Slapshot by Kevan Miller.
16:41 of 3rd period - Stopped by Jimmy Howard without a rebound.
16:42 of 3rd period - Scott Laughton wins face-off versus Evander Kane in Predators zone.
17:50 of 3rd period - Dan Boyle is hit by Anders Lee and loses puck.
18:11 of 3rd period - Snap shot by Zdeno Chara.
18:11 of 3rd period - Deflect By Roman Josi.
18:11 of 3rd period - Stopped by Jimmy Howard with a rebound.
18:13 of 3rd period - Wrist shot by Kris Letang.
18:13 of 3rd period - Shot Misses the Net.
18:41 of 3rd period - Slapshot by Brandon Saad.
18:41 of 3rd period - Shot Misses the Net.
18:43 of 3rd period - Slapshot by Zdeno Chara.
18:43 of 3rd period - Deflect By Rick Nash.
18:43 of 3rd period - Shot Misses the Net.
18:43 of 3rd period - Puck is out of play.
18:44 of 3rd period - Sean Couturier wins face-off versus Tomas Plekanec in Predators zone.
18:54 of 3rd period - Icing by Tomas Plekanec.
18:55 of 3rd period - Eric Fehr wins face-off versus Artem Anisimov in Predators zone.
19:02 of 3rd period - Wrist shot by Johan Franzen.
19:02 of 3rd period - Stopped by Jimmy Howard with a rebound.
19:04 of 3rd period - Slapshot by Ryan Ellis.
19:04 of 3rd period - Shot Blocked by Dennis Seidenberg.
19:06 of 3rd period - Wrist shot by Cam Atkinson.
19:06 of 3rd period - Shot Misses the Net.
19:17 of 3rd period - Snap shot by Johan Franzen.
19:17 of 3rd period - Stopped by Jimmy Howard with a rebound.
19:19 of 3rd period - Snap shot by Johan Franzen.
19:19 of 3rd period - Stopped by Jimmy Howard with a rebound.
19:21 of 3rd period - Snap shot by Mark Fayne.
19:21 of 3rd period - Deflect By Artem Anisimov.
19:21 of 3rd period - Stopped by Jimmy Howard without a rebound.
19:22 of 3rd period - Sean Couturier wins face-off versus Cody Eakin in Predators zone.
19:59 of 3rd period - Minor Penalty to Evander Kane for Hooking.
Goals for this period are 0 for Predators vs 0 for Blues.
Shots for this period are 4 for Predators vs 17 for Blues.